 Dungeon Crawl Stone Soup version 0.20.1-1-g8b1a95d (webtiles) character file.

221 Knicklaso the Chiller (level 5, -9/38 HPs)
             Began as a Ghoul Ice Elementalist on July 18, 2017.
             Mangled by a gnoll
             ... wielding a +0 halberd
              (18 damage)
             ... on level 3 of the Dungeon.
             The game lasted 00:14:39 (3418 turns).

Knicklaso the Chiller (Ghoul Ice Elementalist)      Turns: 3418, Time: 00:14:39

Health: -9/38      AC:  2    Str: 12    XL:     5   Next: 98%
Magic:  1/9        EV: 12    Int: 11    God:
Gold:   121        SH:  0    Dex:  9    Spells: 5/11 levels left

rFire    . . .     SeeInvis .   (no weapon)
rCold    + . .     Gourm    .   (no shield)
rNeg     + + +     Faith    .   a - +0 robe
rPois    ∞         Spirit   .   (no helmet)
rElec    .         Reflect  .   (no cloak)
rCorr    .         Harm     .   (no gloves)
MR       .....                  (no boots)
Stlth    ++........             (no amulet)
Regen    0.0/turn               (no ring)
MPRegen  0.2/turn               (no ring)

@: rotting
A: rotting body, claws 1, carnivore 3, cold resistance 1, negative energy
resistance 3, inhibited regeneration, torment resistance, unbreathing
a: no special abilities


You were on level 3 of the Dungeon.
You were not hungry.

You visited 1 branch of the dungeon, and saw 3 of its levels.

You collected 121 gold pieces.

Inventory:

Armour
 a - a +0 robe (worn)
Jewellery
 e - a +5 ring of protection {unknown}
 f - an uncursed amulet of magic regeneration {unknown}
 h - an uncursed ring of poison resistance {unknown}
 o - an uncursed ring of flight {unknown}
Wands
 n - a wand of flame (23/48)
Scrolls
 d - a scroll of immolation {unknown}
 j - a scroll of fear {unknown}
 k - 2 scrolls of teleportation {unknown}
 l - 4 scrolls of identify {unknown}
 p - 3 scrolls of remove curse {unknown}
 q - a scroll of recharging {unknown}
Potions
 m - a potion of invisibility {unknown}
Books
 b - a book of Frost

   Spells                             Type                      Level
   a - Freeze                         Ice                          1
   b - Throw Frost                    Conjuration/Ice              2
   c - Ozocubu's Armour               Charms/Ice                   3
   d - Throw Icicle                   Conjuration/Ice              4
   e - Summon Ice Beast               Ice/Summoning                4
Comestibles
 c - a meat ration
 g - 2 royal jellies


   Skills:
 - Level 1.7 Dodging
 - Level 2.1 Stealth
 + Level 3.6 Spellcasting
 - Level 0.7 Conjurations
 + Level 5.5 Ice Magic


You had 5 spell levels left.
You knew the following spells:

 Your Spells              Type           Power        Failure   Level  Hunger
a - Freeze                Ice            ##..         2%          1    #......
b - Throw Frost           Conj/Ice       #.....       11%         2    ##.....
c - Ozocubu's Armour      Chrm/Ice       #.......     24%         3    ###....


Dungeon Overview and Level Annotations

Branches:
Dungeon (3/15)

Altars:
Ashenzari
Zin


Innate Abilities, Weirdness & Mutations

Your body is rotting away.
You thrive on raw meat.
You are immune to poison.
You have sharp fingernails.
You are carnivorous and can eat meat at any time.
Your flesh is cold resistant. (rC+)
You are immune to negative energy. (rN+++)
You do not regenerate when monsters are visible.
You are immune to unholy pain and torment.
You can survive without breathing.


Message History

The gnoll hits you with a club.
Casting: Freeze
Confirm with . or Enter, or press ? or * to list all spells.
Aiming: Freeze
Press: ? - help, Shift-Dir - straight line, f/p - gnoll
Aim: a gnoll, wielding a club (almost dead)
You freeze the gnoll.
You kill the gnoll!
You hear a splash.
Okay, then.
A gnoll comes into view. It is wielding a spear.
The gnoll moves out of view.
You closely miss the hobgoblin.
The hobgoblin splashes around in the water.
You closely miss the hobgoblin. The hobgoblin hits you with a club.
The gnoll hits you with a halberd!
* * * LOW HITPOINT WARNING * * *
The gnoll splashes around in the water.
The gnoll hits you from afar with a halberd!!
You die...

#....≈≈≈.#.' #....≈≈###'# .
#...P≈≈#...#############'''
#....≈≈#..g#...............
#....≈≈#####≈≈≈≈≈≈≈%≈≈≈≈...
#....≈≈≈≈≈≈≈≈)≈≈≈≈≈≈≈≈≈≈...
#P...≈≈≈≈≈≈≈g≈≈≈≈≈≈≈≈≈≈≈...
#..........g...............
##########@############...#
#.# #..## #.# #.## #.# #.#
#.# #.# .#. # #


You could see a gnoll and a hobgoblin.

Vanquished Creatures
  A bullfrog (D:3)
  3 gnolls (D:3)
  4 adders
  2 worms
  5 dart slugs
  A leopard gecko (D:1)
  An orc (D:3)
  4 giant cockroaches
  10 goblins
  4 hobgoblins
  20 jackals
  A quokka (D:3)
  A ball python (D:3)
  5 bats
  4 frilled lizards
  5 kobolds
  4 rats
75 creatures vanquished.

Notes
Turn   | Place    | Note
-------+----------+-------------------------------------------
     0 | D:1      | Knicklaso the Ghoul Ice Elementalist began the quest for the Orb.
     0 | D:1      | Reached XP level 1. HP: 14/14 MP: 2/2
   166 | D:1      | Reached XP level 2. HP: 19/20 MP: 0/4
   547 | D:1      | Reached XP level 3. HP: 26/26 MP: 1/5
   834 | D:1      | Reached skill level 4 in Ice Magic
  1065 | D:2      | Found a glowing silver altar of Zin.
  1346 | D:2      | Found a shattered altar of Ashenzari.
  1396 | D:2      | Learned a level 2 spell: Throw Frost
  1400 | D:2      | Learned a level 3 spell: Ozocubu's Armour
  1769 | D:2      | Reached XP level 4. HP: 29/32 MP: 1/7
  2491 | D:3      | Noticed a bullfrog
  2509 | D:3      | Killed a bullfrog
  2509 | D:3      | Reached skill level 5 in Ice Magic
  2509 | D:3      | Reached XP level 5. HP: 10/38 MP: 0/9
  3418 | D:3      | Mangled by a gnoll

Skill      XL: |  1  2  3  4 |
---------------+-------------+-----
Spellcasting   | 2 3 |  3.6
Ice Magic      | 4 5 |  5.5
Dodging        | |  1.7
Stealth        | |  2.1
Conjurations   | |  0.7

Action                   |  1- 3 |  4- 6 || total
-------------------------+-------+-------++-------
Melee: Unarmed           |    22 |    31 ||    53
 Cast: Freeze            |    53 |   100 ||   153
  Use: Potion            |     2 |     2 ||     4
 Stab: Sleeping          |       |     1 ||     1
  Eat: Chunk             |     8 |    15 ||    23
Armor: Robe              |     6 |    18 ||    24
Dodge: Dodged            |    34 |    62 ||    96
